 Dungeon Crawl Stone Soup version 0.31-a0-231-g51bb95cda3 (webtiles) character file.

Game seed: 764166554708401357

1321 qw the Skirmisher (level 8, -5/68 HPs)
             Began as a Minotaur Hexslinger on July 6, 2023.
             Slain by a gnoll sergeant
             ... wielding a +0 spear
              (9 damage)
             ... on level 6 of the Dungeon.
             The game lasted 00:01:58 (5198 turns).

qw the Skirmisher (Minotaur Hexslinger)             Turns: 5198, Time: 00:01:59

Health: -5/68      AC:  4    Str: 12    XL:     8   Next: 33%
Magic:  8/8        EV: 17    Int: 10    God:
Gold:   366        SH:  0    Dex: 28    Spells: 8/9 levels left

rFire   + . .        Y - +1 sling
rCold   . . .        (no shield)
rNeg    . . .        n - +2 robe {rC+}
rPois   .            (helmet restricted)
rElec   .            c - scarf of the Bulwark {+Inv, rF+ rC- Str-2 Dex+8}
rCorr   .            (no gloves)
SInv    .            (no boots)
Will    .....        (no amulet)
Stlth   ++           d - +6 ring of dexterity
HPRegen 0.31/turn    (no ring)
MPRegen 0.11/turn

%: no passive effects
@: about to teleport
A: horns 2, retaliatory headbutt
a: Evoke Invisibility


You were on level 6 of the Dungeon.
You visited 2 branches of the dungeon, and saw 7 of its levels.

You collected 366 gold pieces.


Innate Abilities, Weirdness & Mutations

You have a pair of horns on your head.
You reflexively headbutt those who attack you in melee.


   Skills:
 - Level 5.3 Fighting
 + Level 8.9 Ranged Weapons
 - Level 1.2 Armour
 - Level 5.2 Dodging
 - Level 1.0 Spellcasting
 - Level 2.0 Hexes


You had 8 spell levels left.
You knew the following spells:

 Your Spells              Type           Power      Damage    Failure   Level
a - Slow                  Hex            16%        N/A       16%         1

Your spell library contained the following spells:

 Spells                   Type           Power      Damage    Failure   Level
 Inner Flame              Hex/Fire       2%         N/A       56%         3
 Portal Projectile        Hex/Tloc       4%         N/A       56%         3
 Cause Fear               Hex            2%         N/A       83%         4

Inventory:

Hand Weapons
 Y - a +1 sling (weapon)
Armour
 c - the scarf of the Bulwark (worn) {+Inv, rF+ rC- Str-2 Dex+8}
   (You acquired it on level 4 of the Dungeon)

   Str:       It affects your strength (-2).
   Dex:       It affects your dexterity (+8).
   rF:        It protects you from fire.
   rC:        It makes you vulnerable to cold.
 f - a +0 ring mail of positive energy
 n - a +2 robe of cold resistance (worn)
Jewellery
 d - a +6 ring of dexterity (left hand)
Scrolls
 j - a scroll of identify
Potions
 a - 2 potions of enlightenment
 b - a potion of curing
 g - a potion of ambrosia {unknown}
 h - a potion of haste {unknown}
 i - a potion of degeneration {unknown}

Dungeon Overview and Level Annotations

Branches:
Dungeon (6/15)             Temple (1/1) D:4

Altars:
Ashenzari
Cheibriados
Dithmenos
Elyvilon
Fedhas
Gozag
Hepliaklqana
Kikubaaqudgha
Makhleb
Nemelex Xobeh
Qazlal
Ru
Sif Muna
Trog
Uskayaw
Vehumet
Wu Jian
Xom
Yredelemnul
Zin
The Shining One

Shops:
D:6 *

Annotations:
D:6 2 runed translucent doors, qw's ghost, novice MiHs


Message History

The gnoll shouts!
The ball python hisses angrily.
You shoot a sling bullet.
The sling bullet barely misses the steam dragon.
The steam dragon completely misses you. The steam dragon claws you.
The gnoll sergeant barely misses you.
You shoot a sling bullet. The sling bullet hits the steam dragon!
You kill the steam dragon!
The gnoll sergeant completely misses you.
You shoot a sling bullet.
The sling bullet hits the gnoll sergeant!
The gnoll sergeant is moderately wounded.
The gnoll barely misses you. The gnoll sergeant barely misses you.
You shoot a sling bullet.
The sling bullet hits the gnoll sergeant.
The gnoll sergeant is heavily wounded.
The gnoll hits you from afar with a +0 spear.
The gnoll sergeant hits you from afar with a +0 spear!
You shoot a sling bullet.
The sling bullet closely misses the gnoll sergeant.
The sling bullet closely misses the gnoll.
The gnoll misses you. x2; The gnoll sergeant closely misses you.
You shoot a sling bullet.
The sling bullet hits the gnoll sergeant.
The gnoll sergeant is severely wounded.
The gnoll completely misses you.
The gnoll hits you from afar with a +0 halberd!
The gnoll sergeant barely misses you.
You shoot a sling bullet.
The sling bullet hits the gnoll sergeant!
The gnoll sergeant is almost dead.
The gnoll hits you from afar with a +0 spear.
The gnoll misses you.
The gnoll sergeant hits you from afar with a +0 spear!
5198 ||| READING scroll of teleportation.
As you read the scroll of teleportation, it crumbles to dust.
You feel strangely unstable.
The gnoll hits you from afar with a +0 spear.
The gnoll closely misses you.
The gnoll sergeant hits you from afar with a +0 spear!
You die...

.... ..g. # ... ## #g.
##. g¤# #.. ######
######¤# #.. #.#~~
~~~~r#.## ###. ..+~
W~~SF+.g### .###...
..# ~~~SW#gg.@#
..#.... ..#
#######.g.## .......
#.#####..#...><.####)
.......
...##...##............
.......
.........#.......#.###
#.....
...##...........## #
#....
........###.....#
#....
................# #.
##...
.....#.....#...## ...
#.##


You could see a gnoll sergeant, a bullfrog, qw's ghost, 3 gnolls, an adder, a
river rat and a ball python.

Vanquished Creatures
  A steam dragon (D:6)
  A water moccasin (D:5)
  2 black bears
  3 ogres (D:5)
  A kobold brigand (D:5)
  A scorpion (D:4)
  A howler monkey (D:6)
  A jelly (D:6)
  A hound (D:6)
  An orc priest (D:6)
  2 sleepcaps
  2 iguanas (D:4)
  An orc wizard (D:4)
  2 gnolls
  10 adders
  3 worms
  A dart slug (D:2)
  17 orcs
  8 ball pythons
  8 endoplasms
  6 giant cockroaches
  8 goblins
  9 hobgoblins
  7 jackals
  11 kobolds
  3 quokkas
  7 bats
  A frilled lizard (D:1)
  3 rats
122 creatures vanquished.

Vanquished Creatures (others)
  A gnoll (D:6)
1 creature vanquished.

Grand Total: 123 creatures vanquished

Notes
Turn   | Place    | Note
-------+----------+-------------------------------------------
     0 | D:1      | qw the Minotaur Hexslinger began the quest for the Orb.
     0 | D:1      | Reached XP level 1. HP: 16/16 MP: 1/1
     0 | D:1      | 0 ||| qw: Version: 0.3-a-46-gb1f654a
     0 | D:1      | 0 ||| qw: Game counter: 1891
     0 | D:1      | 0 ||| qw: Melee chars always use a shield: true
     0 | D:1      | 0 ||| qw: God list: Okawaru
     0 | D:1      | 0 ||| qw: Allow faded altars: false
     0 | D:1      | 0 ||| qw: Do Orc after clearing Dungeon:15 true
     0 | D:1      | 0 ||| qw: Do second Lair branch before Depths: true
     0 | D:1      | 0 ||| qw: Lair rune preference: random
     0 | D:1      | 0 ||| qw: Goals: Normal
     0 | D:1      | 0 ||| PLANNING D:1-11
    98 | D:1      | Reached skill level 3 in Ranged Weapons
    98 | D:1      | Reached XP level 2. HP: 23/23 MP: 2/2
   274 | D:1      | Reached XP level 3. HP: 29/29 MP: 3/3
   749 | D:1      | Found a faded altar of an unknown god.
   822 | D:1      | 822 ||| UPGRADING to +0 ring mail of positive energy.
   832 | D:1      | 832 ||| DROPPING +0 robe.
   833 | D:1      | 833 ||| READING scroll labelled JOILEW PUAN.
   834 | D:1      | 834 ||| DROPPING scroll of poison.
   917 | D:2      | Reached skill level 4 in Ranged Weapons
   936 | D:2      | Reached skill level 1 in Armour
  1078 | D:2      | Reached XP level 4. HP: 36/36 MP: 4/4
  1608 | D:2      | HP: 9/36 [poisoned by an adder]
  1813 | D:2      | 1813 ||| UPGRADING to +6 ring of dexterity.
  1814 | D:2      | 1814 ||| READING scroll labelled IQELES REPUNY.
  1815 | D:2      | 1815 ||| READING scroll labelled BEKIS CEPNAUGODGH.
  1816 | D:2      | 1816 ||| READING scroll labelled ZOL VYSKEW.
  1817 | D:2      | 1817 ||| DRINKING 2 murky green potions.
  1818 | D:2      | 1818 ||| DROPPING potion of attraction.
  1907 | D:3      | 1907 ||| STAIRDANCE
  1911 | D:2      | HP: 9/36 [worm (10)]
  2296 | D:3      | Reached skill level 5 in Ranged Weapons
  2427 | D:3      | Found a sparkling altar of Nemelex Xobeh.
  2427 | D:3      | Found a glowing silver altar of Zin.
  2560 | D:3      | 2560 ||| READING scroll labelled FIJOX RIYMUMAI.
  2561 | D:3      | 2561 ||| DRINKING 2 fizzy grey potions.
  2658 | D:4      | Found a staircase to the Ecumenical Temple.
  2659 | D:4      | 2659 ||| PLANNING TEMPLE
  2660 | D:4      | Reached XP level 5. HP: 44/44 MP: 5/5
  2673 | Temple   | Entered the Ecumenical Temple
  2801 | Temple   | 2801 ||| PLANNING D:1-11
  2949 | D:4      | Reached skill level 3 in Fighting
  3061 | D:4      | Found a radiant altar of Vehumet.
  3207 | D:4      | Found a hazy altar of Hepliaklqana.
  3335 | D:4      | Reached skill level 6 in Ranged Weapons
  3335 | D:4      | Reached XP level 6. HP: 15/51 MP: 6/6
  3337 | D:4      | HP: 12/51 [poisoned by a scorpion]
  4047 | D:4      | 4047 ||| UPGRADING to +2 robe of cold resistance.
  4057 | D:4      | 4057 ||| DROPPING +6 ring of intelligence.
  4058 | D:4      | 4058 ||| READING 2 scrolls labelled ZOHIAD BUUBRUDGH.
  4058 | D:4      | Identified 2 scrolls of acquirement
  4058 | D:4      | 4058 ||| ACQUIRING scarf of the Trees {repulsion, Slay+2}
  4058 | D:4      | Acquired the scarf of the Trees {repulsion, Slay+2}
  4059 | D:4      | 4059 ||| READING scroll of acquirement.
  4059 | D:4      | 4059 ||| ACQUIRING scarf of the Bulwark {+Inv, rF+ rC-
                  | Str-2 Dex+8}
  4059 | D:4      | Acquired the scarf of the Bulwark {+Inv, rF+ rC- Str-2
                  | Dex+8}
  4061 | D:4      | 4061 ||| UPGRADING to scarf of the Bulwark {+Inv, rF+ rC-
                  | Str-2 Dex+8}.
  4066 | D:4      | 4066 ||| READING scroll labelled JAVYRO LANIM.
  4067 | D:4      | 4067 ||| READING scroll labelled LOINOGREIR.
  4071 | D:4      | 4071 ||| DRINKING 2 orange potions.
  4072 | D:4      | 4072 ||| READING 2 scrolls of identify.
  4072 | D:4      | 4072 ||| IDENTIFYING sapphire potion
  4073 | D:4      | 4073 ||| DROPPING potion of brilliance.
  4089 | D:5      | Entered Level 5 of the Dungeon
  4099 | D:5      | Noticed a water moccasin
  4106 | D:5      | Reached skill level 3 in Dodging
  4113 | D:5      | Killed a water moccasin
  4114 | D:5      | Reached skill level 7 in Ranged Weapons
  4114 | D:5      | Reached XP level 7. HP: 42/59 MP: 7/7
  4392 | D:5      | HP: 13/59 [kobold brigand/+0 dagger (2)]
  4393 | D:5      | 4393 ||| DRINKING potion of heal wounds.
  4549 | D:5      | Reached skill level 8 in Ranged Weapons
  4758 | D:5      | 4758 ||| READING 2 scrolls labelled FYCAGE YZUGEU.
  4759 | D:5      | 4759 ||| READING 2 scrolls of identify.
  4759 | D:5      | 4759 ||| IDENTIFYING metallic golden potion
  4760 | D:5      | 4760 ||| DROPPING scroll of revelation.
  4801 | D:6      | 4801 ||| STAIRDANCE
  4803 | D:6      | 4803 ||| STAIRDANCE
  4920 | D:6      | Found Sanwatz's Evil Emporium.
  4988 | D:6      | Reached XP level 8. HP: 68/68 MP: 8/8
  5033 | D:6      | 5033 ||| Stepping ~*~*~tactically~*~*~ (outnumbered).
  5034 | D:6      | 5034 ||| Stepping ~*~*~tactically~*~*~ (outnumbered).
  5152 | D:6      | Found a runed translucent door.
  5171 | D:6      | Found a runed translucent door.
  5175 | D:6      | Noticed qw's ghost (novice MiHs)
  5180 | D:6      | 5180 ||| Stepping ~*~*~tactically~*~*~ (outnumbered).
  5182 | D:6      | 5182 ||| Stepping ~*~*~tactically~*~*~ (outnumbered).
  5197 | D:6      | HP: 15/68 [gnoll/+0 spear[a gnoll sergeant] (4)]
  5197 | D:6      | HP: 7/68 [gnoll sergeant/+0 spear (8)]
  5198 | D:6      | 5198 ||| READING scroll of teleportation.
  5198 | D:6      | Slain by a gnoll sergeant

Levels and vault maps discovered:
D:1:      minmay_arrival_four_houses, layout_basic,
          shapermc_ecumenical_altar_ellora
D:2:      layout_basic
D:3:      layout_rooms, gammafunk_temple_overflow_elements,
          kennysheep_generic_room_2
D:4:      layout_loops_corners, nicolae_vehumet_altar_sigil, lemuel_tele_altar,
          minmay_temple_entry_drinking_statues, minmay_surrounded
D:5:      layout_rooms, hangedman_decor_clover_reticule, kennysheep_dice
D:6:      layout_cave_pools, okawaru_altar_gauntlet_db, ebering_ghost_sewer_f,
          nicolae_evil_shop
Temple:   minmay_crystal_spiral_temple

Skill      XL: |  1  2  3  4  5  6  7  8 |
---------------+-------------------------+-----
Ranged Weapons | 3 4 5 6 7 8 |  8.9
Fighting       | 2 3 4 5 |  5.3
Armour         | 1 |  1.2
Dodging        | 3 4 5 |  5.2
Spellcasting   | |  1.0
Hexes          | |  2.0

Action                     |  1- 3 |  4- 6 |  7- 9 || total
---------------------------+-------+-------+-------++-------
   Fire: Sling             |   115 |   228 |   112 ||   455
    Use: Scroll            |     1 |     9 |     3 ||    13
         Potion            |       |     3 |     1 ||     4
 Armour: Robe              |     6 |     5 |     8 ||    19
         Ring mail         |     3 |    37 |       ||    40
  Dodge: Dodged            |    34 |    64 |    46 ||   144

Table legend:
 A = Non-vault XP
 B = Vault XP
 C = Vault XP percentage of total XP
 D = Non-vault monster count
 E = Vault monster count
 F = Vault count percentage of total count
                 A         B        C        D         E       F
            +---------+---------+-------+---------+---------+-------
      Total |    1825 |      63 |   3.3 |     116 |       7 |   5.7
            +---------+---------+-------+---------+---------+-------
        D:1 |      55 |       0 |   0.0 |      24 |       0 |   0.0
        D:2 |      75 |       0 |   0.0 |      21 |       0 |   0.0
        D:3 |      44 |       3 |   6.4 |      15 |       1 |   6.2
        D:4 |     290 |      46 |  13.7 |      30 |       5 |  14.3
        D:5 |     819 |       0 |   0.0 |      15 |       0 |   0.0
        D:6 |     542 |      14 |   2.5 |      11 |       1 |   8.3
            +---------+---------+-------+---------+---------+-------
